 Dungeon Crawl Stone Soup version 0.30-a0-728-gc68057be0a (webtiles) character file.

Game seed: 1182633964179586866

79342 jimonade the Slicer (level 15, -4/84 HPs)
             Began as a Vine Stalker Brigand on Jan 31, 2023.
             Was a Follower of Uskayaw.
             Shot with an arrow by Nessos (7 damage)
             ... on level 2 of the Orcish Mines.
             The game lasted 01:11:20 (20289 turns).

jimonade the Slicer (Vine Stalker Brigand)         Turns: 20289, Time: 01:11:21

Health: -4/84      AC: 21    Str: 15    XL:     15   Next: 63%
Magic:  0/24       EV: 10    Int:  6    God:    Uskayaw [*.....]
Gold:   1831       SH: 10    Dex: 24    Spells: 14/14 levels left

rFire   . . .      SeeInvis +    a - +8 rapier "Bipnash" {freeze, rElec Int-5 Dex+2}
rCold   . . .      Faith    .    y - +3 warlock's mirror {omnireflect}
rNeg    + . .      Spirit   +    w - +0 chain mail {Will+}
rPois   .          Reflect  +    F - +1 hat {SInv}
rElec   +          Harm     .    B - +1 cloak
rCorr   .          Rampage  .    X - +0 pair of gloves
Will    ++...                    A - +0 pair of boots
Stlth   ++                       G - amulet of regeneration
HPRegen 1.94/turn                x - +4 ring of protection
MPRegen 0.19/turn                d - ring of positive energy

@: mighty, studying Fighting
A: fangs 3, regeneration 1, magic shield, antimagic bite, no potion heal 2
a: Renounce Religion, Stomp


You were on level 2 of the Orcish Mines.
You worshipped Uskayaw.
Uskayaw was aware of your devotion.
You visited 3 branches of the dungeon, and saw 22 of its levels.
You also visited: Bailey.

You collected 1831 gold pieces.

Inventory:

Hand Weapons
 a - the +8 rapier "Bipnash" (weapon) {freeze, rElec Int-5 Dex+2}
   (You found it on level 1 of the Lair of Beasts)

   Int:       It affects your intelligence (-5).
   Dex:       It affects your dexterity (+2).
   rElec:     It insulates you from electricity.
 c - a +2 short sword of holy wrath
 O - a +3 dagger of venom
Missiles
 e - 3 curare-tipped darts
 l - 5 atropa-tipped darts
 H - 45 poisoned darts (quivered)
 K - 2 throwing nets
 T - 8 datura-tipped darts
Armour
 t - the +0 robe of the Jackalope {Regen+ rCorr}
   (You found it on level 12 of the Dungeon)

   Regen:     It increases your rate of health regeneration.
   rCorr:     It protects you from acid and corrosion.
 w - a +0 chain mail of willpower (worn)
 y - the +3 warlock's mirror (worn) {omnireflect}
   (You acquired it on level 6 of the Dungeon)

   Omnireflect: It can block and reflect piercing ranged attacks and magical
   attacks against the wielder's willpower.
 A - a +0 pair of boots (worn)
 B - a +1 cloak (worn)
 F - a +1 hat of see invisible (worn)
 R - a +2 ring mail of poison resistance
 X - a +0 pair of gloves (worn)
 Y - a +1 helmet
Jewellery
 d - a ring of positive energy (right hand)
 x - a +4 ring of protection (left hand)
 C - the ring of Kezocsaoh {Fire rElec rN+ Int-5}
   (You found it on level 15 of the Dungeon)

   [ring of fire]

   It enhances your fire magic.
   Int:       It affects your intelligence (-5).
   rF:        It protects you from fire.
   rC:        It makes you vulnerable to cold.
   rElec:     It insulates you from electricity.
   rN:        It protects you from negative energy.
 G - an amulet of regeneration (around neck)
 L - an amulet of magic regeneration
 N - a ring of protection from cold
 U - a ring of protection from fire
 V - a ring of flight
Wands
 g - a wand of quicksilver (23)
 s - a wand of mindburst (11)
 u - a wand of digging (7)
 D - a wand of polymorph (4)
 J - a wand of charming (25)
 W - a wand of roots (13)
Scrolls
 k - 3 scrolls of blinking
 m - a scroll of magic mapping
 r - 3 scrolls of fog
 v - 7 scrolls of teleportation
 z - 3 scrolls of enchant weapon
 E - 8 scrolls of enchant armour
 I - 6 scrolls of identify
 M - a scroll of amnesia
Potions
 f - 5 potions of flight
 h - 6 potions of berserk rage
 j - 11 potions of brilliance
 n - 2 potions of ambrosia
 o - a potion of might
 p - 2 potions of resistance
 q - 10 potions of curing
 P - 3 potions of magic
 Q - a potion of invisibility
 S - 2 potions of cancellation
 Z - 5 potions of haste
Miscellaneous
 b - a box of beasts
 i - a lightning rod (4/4)


   Skills:
 + Level 11.7 Fighting
 + Level 12.8 Short Blades
 + Level 5.5 Throwing
 + Level 8.3 Armour
 + Level 7.1 Dodging
 + Level 11.5 Stealth
 + Level 8.7 Shields
 * Level 11.8 Invocations


You had 14 spell levels left.
You didn't know any spells.
Your spell library contained the following spells:

 Spells                   Type           Power      Damage    Failure   Level
 Kiss of Death            Conj/Necr      0%         2d5       100%        1
 Magic Dart               Conj           0%         1d3       100%        1
 Blink                    Tloc           0%         N/A       100%        2
 Call Imp                 Summ           0%         N/A       100%        2
 Ensorcelled Hibernation  Hex/Ice        0%         N/A       100%        2
 Lesser Beckoning         Tloc           0%         N/A       100%        2
 Momentum Strike          Conj/Tloc      0%         3d8       100%        2
 Passwall                 Tmut/Erth      0%         N/A       100%        2
 Confusing Touch          Hex            0%         N/A       100%        3
 Dazzling Flash           Conj/Hex       0%         N/A       100%        3
 Hailstorm                Conj/Ice       0%         3d3       100%        3
 Inner Flame              Hex/Fire       0%         N/A       100%        3
 Mephitic Cloud           Conj/Pois/Air  0%         N/A       100%        3
 Ozocubu's Armour         Ice            0%         N/A       100%        3
 Stone Arrow              Conj/Erth      0%         3d7       100%        3
 Swiftness                Air            0%         N/A       100%        3
 Vhi's Electric Charge    Tloc/Air       0%         N/A       100%        3
 Animate Armour           Summ/Erth      0%         N/A       100%        4
 Dispel Undead            Necr           0%         3d6       100%        4
 Flame Wave               Conj/Fire      0%         2d4       100%        4
 Ice Form                 Ice/Tmut       0%         N/A       100%        4
 Leda's Liquefaction      Hex/Erth       0%         N/A       100%        4
 Petrify                  Tmut/Erth      0%         N/A       100%        4
 Sticky Flame             Conj/Fire      0%         2d3       100%        4
 Arcjolt                  Conj/Air       0%         1d10      100%        5
 Irradiate                Conj/Tmut      0%         3d11      100%        5
 Lee's Rapid Deconstruct  Erth           0%         3d4*      100%        5
 Metabolic Englaciation   Hex/Ice        0%         N/A       100%        5
 Yara's Violent Unravell  Hex/Tmut       0%         3d3       100%        5
 Simulacrum               Ice/Necr       0%         N/A       100%        6
 Statue Form              Tmut/Erth      0%         N/A       100%        6
 Ozocubu's Refrigeration  Ice            0%         4d7       100%        7
 Lehudib's Crystal Spear  Conj/Erth      0%         10d2      100%        8
 Maxwell's Capacitive Co  Air            0%         ∞         100%        8


Dungeon Overview and Level Annotations

Branches:
Dungeon (15/15)            Temple (0/1) D:6            Lair (5/5) D:10
  Swamp (0/4) Lair:3       Spider (0/4) Lair:2        Slime (0/5) Lair:5
    Orc (2/2) D:9          Vaults (0/5) D:13         Depths (0/4) D:15
 Bailey (visited)
    Elf: Orc:2

Altars:
Dithmenos
Elyvilon
Gozag
Nemelex Xobeh
Okawaru
Qazlal
Sif Muna
Uskayaw
Vehumet
Wu Jian
Xom
Yredelemnul
Jiyva
Lugonu

Shops:
D:3 ?   D:5 *

Portals:
Abyss: D:8 Lair:5

Annotations:
D:4 3 runed translucent doors, superbruh's ghost, amateur MiFi; testman's ghost, amateur GnWn
D:6 2 transporters, soursprite's ghost, novice GrMo
D:8 2 transporters, brightshaft's ghost, novice AtBe
D:9 3 runed translucent doors, exclusion: obsidian statue, pokeman's ghost, novice DEHW
Lair:4 1 runed translucent door, BlueFish's ghost, journeyman TeAE
Orc:2 Nessos


Innate Abilities, Weirdness & Mutations

You have razor-sharp teeth.
Your natural rate of healing is unusually fast.
When hurt, damage is shared between your health and your magic reserves.
Your bite disrupts and absorbs the magic of your enemies.
Potions cannot restore your health.


Message History

You reflect the arrow off your +3 warlock's mirror {omnireflect}!
The arrow hits Nessos!
The arrow burns Nessos.
Nessos looks as sick as possible!
Nessos gestures wildly while chanting.
Nessos blinks!
You feel very sick.
Nessos shoots an arrow.
The arrow hits you!! The arrow burns you.
You are more poisoned.
You feel extremely sick.
Nessos gestures wildly while chanting.
Nessos blinks!
Nessos shoots an arrow.
The arrow hits you!
* * * LOW HITPOINT WARNING * * *
The arrow burns you.
You are lethally poisoned!
* * * LOW HITPOINT WARNING * * *
Nessos shoots an arrow.
You reflect the arrow off your +3 warlock's mirror {omnireflect}!
The arrow completely misses Nessos.
The orc hits you but does no damage.
* * * LOW HITPOINT WARNING * * *
You feel extremely sick.
Nessos mumbles some strange words.
Nessos blinks!
Your system rejects the healing.
You feel better.
Nessos shoots an arrow.
You reflect the arrow off your +3 warlock's mirror {omnireflect}!
The arrow hits Nessos!
The arrow burns Nessos.
Nessos looks as sick as possible!
Nessos casts a spell.
Nessos blinks!
The orc hits you but does no damage.
You puncture the orc! You freeze the orc.
You kill the orc!
Nessos shoots an arrow.
The arrow hits you!
* * * LOW HITPOINT WARNING * * *
The arrow burns you!
* * * LOW HITPOINT WARNING * * *
Nessos mumbles some strange words.
Nessos blinks!
You feel very mighty all of a sudden.
Nessos stands on their hind legs for a moment.
Nessos shoots an arrow.
The arrow hits you!
You die...

##..........#
##.....§....##
#............### ##
#..............###≈#
#.......$.c...§≈≈≈§###
#............##.≈≈≈§≈#
#........§...#...≈§≈≈≈≈
#........)..).......§≈≈≈
##.#.........#@..........
#.....§......)##....#...§
##.......................
#.......................
#.......................
.............$..........
............o.........
$#..................
$$..................


You could see Nessos (fast, extremely poisoned).

Vanquished Creatures
  Gastronok (D:9)
  A frost giant (D:15)
  Josephine (Orc:2)
  2 hydras
  A boulder beetle (D:15)
  Erolcha (D:9)
  3 catoblepae
  4 centaur warriors
  5 two-headed ogres
  2 tengu warriors (D:15)
  2 thrashing horrors (Lair:5)
  Sonja (Lair:2)
  5 skeletal warriors
  Pikel (D:9)
  An orc knight (Bailey)
  2 deep elf pyromancers
  23 ugly things
  6 cyclopes
  An orc sorcerer (Orc:2)
  2 manticores (D:12)
  A smoke demon (Lair:5)
  10 elephants
  2 black mambas
  A black mamba (shapeshifter) (Lair:5)
  8 cane toads
  A torpor snail (Lair:3)
  Maggie (D:7)
  An unseen horror (D:12)
  6 komodo dragons
  3 rime drakes
  An efreet (D:15)
  4 yaktaurs (D:15)
  2 freezing wraiths
  A polar bear (shapeshifter) (D:14)
  2 ancient zymes (Lair:5)
  A tengu conjurer (D:13)
  3 meliai (D:14)
  7 trolls
  Prince Ribbit (D:5)
  3 polar bears
  29 blink frogs
  2 tarantellas (shapeshifter)
  6 slime creatures (D:13)
  5 dream sheep (Lair:2)
  10 small abominations (Lair:5)
  3 jumping spiders (Lair:2)
  2 large abominations (Lair:5)
  A spriggan (Lair:5)
  2 vampires
  A steam dragon (D:10)
  63 yaks
  4 wyverns
  A ynoxinul (Lair:5)
  7 wraiths
  7 basilisks
  2 chaos spawn (Lair:5)
  Menkaure (D:6)
  6 vampire mosquitoes
  A naga (shapeshifter) (Lair:5)
  24 water moccasins
  Duvessa (D:6)
  11 orc warriors
  An ogre (shapeshifter) (Lair:5)
  A sky beast (D:6)
  4 black bears
  An ogre (D:6)
  4 boggarts (Lair:4)
  10 wolves
  16 centaurs
  3 kobold brigands
  2 lemures (D:9)
  6 bullfrogs
  Blork the orc (D:6)
  A gnoll sergeant (D:11)
  A scorpion (D:4)
  Dowan (D:6)
  3 electric eels
  3 howler monkeys
  9 hounds
  5 jellies
  12 orc priests
  2 gnoll boudas
  4 iguanas
  17 orc wizards
  A boggart simulacrum (D:15)
  10 adders
  16 gnolls
  2 shadow imps
  An ufetubus (D:5)
  2 worms
  49 orcs
  10 endoplasms
  9 giant cockroaches
  14 hobgoblins
  11 jackals
  23 kobolds
  5 quokkas
  5 ball pythons
  4 bats
  2 frilled lizards
  12 goblins
  3 rats
599 creatures vanquished.

Vanquished Creatures (others)
  7 fungi
  13 plants
20 creatures vanquished.

Grand Total: 619 creatures vanquished

Notes
Turn   | Place    | Note
-------+----------+-------------------------------------------
     0 | D:1      | jimonade the Vine Stalker Brigand began the quest for the
                  | Orb.
     0 | D:1      | Reached XP level 1. HP: 11/11 MP: 2/2
    28 | D:1      | Reached skill level 5 in Stealth
    51 | D:1      | Got the Thoughts on the Figure and Guile
    88 | D:1      | Reached XP level 2. HP: 15/15 MP: 3/3
   294 | D:1      | Reached skill level 2 in Short Blades
   460 | D:1      | Reached XP level 3. HP: 14/18 MP: 2/4
  1016 | D:2      | Found a shimmering blue altar of Sif Muna.
  1118 | D:2      | Reached skill level 1 in Dodging
  1205 | D:2      | Gained mutation: Your natural rate of healing is unusually
                  | fast. [Vine Stalker growth]
  1205 | D:2      | Reached XP level 4. HP: 21/23 MP: 5/5
  1933 | D:3      | Identified the +0 robe of Pandemonium {rPois rF- MP+9
                  | Int+8}
  1969 | D:3      | Found Urugeim's Magic Scroll Boutique.
  2321 | D:4      | Reached skill level 3 in Short Blades
  2321 | D:4      | Reached XP level 5. HP: 25/26 MP: 4/6
  2478 | D:4      | Found a runed translucent gate.
  2478 | D:4      | Found a runed translucent gate.
  2478 | D:4      | Found a runed translucent gate.
  2479 | D:4      | Noticed superbruh's ghost (amateur MiFi)
  2479 | D:4      | Noticed testman's ghost (amateur GnWn)
  2675 | D:4      | Reached XP level 6. HP: 28/30 MP: 7/7
  2684 | D:4      | Reached skill level 4 in Short Blades
  2699 | D:4      | Found a hide-covered altar of Uskayaw.
  2700 | D:4      | Found an iron altar of Okawaru.
  2702 | D:4      | Became a worshipper of Uskayaw the Reveller
  3237 | D:5      | Entered Level 5 of the Dungeon
  3258 | D:5      | Noticed a black bear
  3259 | D:5      | Reached * piety under Uskayaw
  3264 | D:5      | Reached ** piety under Uskayaw
  3268 | D:5      | Killed a black bear
  3269 | D:5      | Reached skill level 1 in Armour
  3368 | D:5      | Noticed a black bear
  3372 | D:5      | Reached XP level 7. HP: 28/35 MP: 6/8
  3379 | D:5      | Reached *** piety under Uskayaw
  3381 | D:5      | Reached skill level 5 in Short Blades
  3385 | D:5      | Reached **** piety under Uskayaw
  3391 | D:5      | Reached skill level 1 in Invocations
  3579 | D:5      | Found Zifross's Assorted Antiques.
  3796 | D:5      | Noticed Prince Ribbit
  3814 | D:5      | Killed Prince Ribbit
  3964 | D:5      | Gained mutation: You have razor-sharp teeth. [Vine Stalker
                  | growth]
  3964 | D:5      | Reached XP level 8. HP: 39/39 MP: 8/10
  4030 | D:5      | Found a white marble altar of Elyvilon.
  4030 | D:5      | Found a stormy altar of Qazlal.
  4048 | D:5      | Found a radiant altar of Vehumet.
  4051 | D:5      | Found a shimmering altar of Xom.
  4053 | D:5      | Found a sparkling altar of Nemelex Xobeh.
  4058 | D:5      | Found an opulent altar of Gozag.
  4193 | D:5      | Reached skill level 6 in Short Blades
  4542 | D:6      | Noticed Menkaure
  4551 | D:6      | Killed Menkaure
  4599 | D:6      | Found a staircase to the Ecumenical Temple.
  4706 | D:6      | Noticed Blork the orc
  4716 | D:6      | Killed Blork the orc
  4739 | D:6      | Noticed soursprite's ghost (novice GrMo)
  4992 | D:6      | Found a transporter.
  4997 | D:6      | Found a transporter.
  5256 | D:6      | Noticed a two-headed ogre
  5266 | D:6      | Noticed Duvessa
  5269 | D:6      | Noticed Dowan
  5273 | D:6      | Reached XP level 9. HP: 44/44 MP: 10/12
  5277 | D:6      | Killed a two-headed ogre
  5278 | D:6      | Reached skill level 7 in Short Blades
  5288 | D:6      | Reached ***** piety under Uskayaw
  5292 | D:6      | Killed Duvessa
  5306 | D:6      | Killed Dowan
  5432 | D:6      | Identified a scroll of acquirement
  5432 | D:6      | Acquired the +3 warlock's mirror {omnireflect}
  5432 | D:6      | Found the +3 warlock's mirror {omnireflect}
  5670 | D:7      | Identified the +10 flail "Tepnowo" {freeze, rElec Int+3
                  | Dex+3}
  5925 | D:7      | Found a shadowy altar of Dithmenos.
  5933 | D:7      | Noticed Maggie
  5956 | D:7      | Killed Maggie
  5957 | D:7      | Reached skill level 8 in Short Blades
  6395 | D:8      | Found an ornate altar of the Wu Jian Council.
  6462 | D:8      | Reached skill level 5 in Armour
  6483 | D:8      | Reached XP level 10. HP: 49/49 MP: 6/14
  6602 | D:8      | Found a transporter.
  6755 | D:8      | Found a transporter.
  6757 | D:8      | Found a one-way gate to the infinite horrors of the Abyss.
  6757 | D:8      | Noticed brightshaft's ghost (novice AtBe)
  7240 | D:9      | Found a flagged portal.
  7249 | Bailey   | Entered a bailey
  7364 | Bailey   | Reached skill level 1 in Shields
  7380 | Bailey   | Noticed an orc knight
  7436 | Bailey   | Killed an orc knight
  7556 | Bailey   | Reached skill level 9 in Short Blades
  7556 | Bailey   | Reached skill level 5 in Invocations
  7777 | Bailey   | Noticed an orc warlord
  7778 | Bailey   | Noticed an orc knight
  8195 | D:9      | Noticed Erolcha
  8198 | D:9      | Killed Erolcha
  8419 | D:9      | Found a staircase to the Orcish Mines.
  8704 | D:9      | Reached XP level 11. HP: 49/54 MP: 6/16
  8829 | D:9      | Noticed Pikel
  8890 | D:9      | Killed Pikel
  8891 | D:9      | Reached skill level 5 in Fighting
  8950 | D:9      | Found a runed translucent gate.
  8951 | D:9      | Found a runed translucent gate.
  8951 | D:9      | Found an opulent altar of Gozag.
  8951 | D:9      | Noticed an obsidian statue
  8952 | D:9      | Found a runed translucent gate.
  8956 | D:9      | Noticed a white ugly thing
  8960 | D:9      | Noticed pokeman's ghost (novice DEHW)
  8961 | D:9      | Noticed a manticore
  8962 | D:9      | Noticed a two-headed ogre
  9061 | D:9      | Noticed Gastronok
  9097 | D:9      | Killed Gastronok
  9098 | D:9      | Reached skill level 10 in Short Blades
  9187 | D:9      | Acquired a manual of Fighting
  9217 | D:10     | Entered Level 10 of the Dungeon
  9313 | D:10     | Found a staircase to the Lair.
  9342 | D:10     | Noticed a two-headed ogre
  9363 | D:10     | Killed a two-headed ogre
  9914 | D:11     | Noticed a skeletal warrior
  9915 | D:11     | Noticed a skeletal warrior
  9951 | Lair:1   | Entered Level 1 of the Lair of Beasts
 10131 | Lair:1   | Reached XP level 12. HP: 61/62 MP: 18/18
 10193 | Lair:1   | Reached skill level 5 in Dodging
 10285 | Lair:1   | Reached skill level 5 in Shields
 10441 | Lair:1   | Reached skill level 5 in Throwing
 10536 | Lair:1   | Found a shimmering altar of Xom.
 10807 | Lair:1   | Reached ****** piety under Uskayaw
 10836 | Lair:1   | Identified the +8 rapier "Bipnash" {freeze, rElec Int-5
                  | Dex+2}
 11108 | Lair:1   | Found the +8 whip "Snakebite" {venom, curare, rPois}
 11471 | Lair:2   | Found a hole to the Spider Nest.
 11540 | Lair:2   | Noticed Sonja
 11551 | Lair:2   | Killed Sonja
 11703 | Lair:2   | Reached XP level 13. HP: 66/69 MP: 20/20
 12459 | Lair:3   | Found a staircase to the Swamp.
 14072 | Lair:4   | Found a runed translucent door.
 14073 | Lair:4   | Noticed BlueFish's ghost (journeyman TeAE)
 14382 | Lair:5   | Entered Level 5 of the Lair of Beasts
 14396 | Lair:5   | Found a viscous altar of Jiyva.
 14396 | Lair:5   | Found a staircase to the Slime Pits.
 14426 | Lair:5   | Reached skill level 11 in Short Blades
 15161 | Lair:5   | Reached XP level 14. HP: 76/76 MP: 22/22
 15187 | Lair:5   | Reached skill level 10 in Invocations
 15208 | Lair:5   | Reached skill level 10 in Fighting
 15286 | Lair:5   | Found the +9 sword of Power {lifebolt}
 15821 | Lair:5   | Found a corrupted altar of Lugonu.
 16976 | D:11     | Found a hide-covered altar of Uskayaw.
 16978 | D:11     | Found a shimmering altar of Xom.
 16978 | D:11     | Found a shadowy altar of Dithmenos.
 16980 | D:11     | Found a basalt altar of Yredelemnul.
 16980 | D:11     | Found an opulent altar of Gozag.
 16980 | D:11     | Found a basalt altar of Yredelemnul.
 17082 | D:11     | Reached skill level 12 in Short Blades
 17389 | D:12     | Identified the +0 robe of the Jackalope {Regen+ rCorr}
 17967 | D:13     | Identified the +1 robe of Recklessness {MP+9}
 18049 | D:13     | Found a gate to the Vaults.
 18176 | D:13     | Reached skill level 10 in Stealth
 18274 | D:13     | Reached XP level 15. HP: 82/82 MP: 24/24
 18979 | D:15     | Entered Level 15 of the Dungeon
 19578 | D:15     | Identified the ring of Kezocsaoh {Fire rElec rN+ Int-5}
 19818 | D:15     | Found a staircase to the Depths.
 19818 | D:15     | Noticed a frost giant
 19820 | D:15     | Killed a frost giant
 20083 | Orc:1    | Entered Level 1 of the Orcish Mines
 20162 | Orc:2    | Entered Level 2 of the Orcish Mines
 20163 | Orc:2    | Noticed Josephine
 20164 | Orc:2    | Killed Josephine
 20277 | Orc:2    | Noticed Nessos
 20288 | Orc:2    | HP: 2/84 [Nessos/arrow (5)]
 20289 | Orc:2    | Shot with an arrow by Nessos

Illustrated notes

Levels and vault maps discovered:
D:1:      doesnt_arrival_eight_statues, layout_basic
D:2:      layout_basic, basic_altar
D:3:      wad_crossroads, layout_rooms, serial_shops, shop, minmay_distorted
D:4:      layout_gridville, nicolae_overflow_squiral, gammafunk_ghost_cemetery,
          hangedman_decor_push
D:5:      black_bear_nest_2, layout_basic, nicolae_overflow_hallway_of_the_gods,
          nicolae_stop_n_shop_2, uniq_prince_ribbit1
D:6:      layout_loops_ring, minmay_temple_entry_sparse_star,
          gammafunk_ghost_hive, uniq_duvessa, uniq_blork_the_orc, uniq_menkaure
D:7:      layout_basic, lemuel_doored_altar, uniq_maggie
D:8:      layout_basic, mainiacjoe_overflow_small_starburst,
          gammafunk_ghost_abyssal_escape
D:9:      layout_stronghold, orc_0_dummy, ebering_ghost_gozag, enter_bailey_8,
          david_defended_altar_orc, uniq_pikel, uniq_gastronok, uniq_erolcha
D:10:     layout_cave_pools, erik_lair_island, kennysheep_boxes
D:11:     layout_cave_pods, doesnt_xom_only_xom
D:12:     layout_rooms
D:13:     layout_roguey, david_vaults_1, serial_curves, eino_curves_03,
          eino_curves_04, eino_curves_03
D:14:     layout_basic
D:15:     grunt_enter_depths_snipers, layout_small_grid,
          hangedman_decor_clover_reticule, kennysheep_crisscross
Lair:1:   minmay_guarded_unrand_snakebite, layout_layer_cave, basic_altar,
          grunt_megastairs_3, infiniplex_staircase_pool_2
Lair:2:   layout_small_grid, spider_nest_entry_a, uniq_sonja
Lair:3:   layout_gridlike, swamp_mist, columned_hall_lemuel, serial_bayou_ford_a
Lair:4:   layout_loops_ring, ebering_ghost_inner_flame, kilobyte_rumbling_trees
Lair:5:   hellmonk_lair_end_abyssal_woods, layout_gridlike,
          nicolae_slime_entry_slimehenge
Orc:1:    layout_diamond_mine
Orc:2:    kennysheep_orc_mage_school, layout_caves, uniq_josephine, uniq_nessos,
          uniq_jorgrun

Skill      XL: |  1  2  3  4  5  6  7  8  9 10 11 12 13 14 15 |
---------------+----------------------------------------------+-----
Stealth        | 5 6 7 10 11 | 11.5
Short Blades   | 2 3 4 5 6 8 9 10 11 12 | 12.8
Throwing       | 2 3 4 5 |  5.5
Dodging        | 1 2 3 4 5 6 7 |  7.1
Fighting       | 2 3 4 6 8 9 11 | 11.7
Armour         | 1 2 3 5 6 7 8 |  8.3
Invocations    | 1 3 4 5 7 8 9 11 | 11.8
Shields        | 2 4 6 7 8 |  8.7

Action                     |  1- 3 |  4- 6 |  7- 9 | 10-12 | 13-15 || total
---------------------------+-------+-------+-------+-------+-------++-------
  Melee: Dagger            |   109 |   113 |   314 |   707 |       ||  1243
         Bite              |    24 |    30 |   123 |   298 |   347 ||   822
         Punch             |       |     2 |     5 |       |       ||     7
         Short sword       |       |       |    11 |     8 |    46 ||    65
         Rapier            |       |       |       |    68 |   826 ||   894
  Throw: Dart              |       |     3 |     8 |    49 |    10 ||    70
 Invoke: Stomp             |       |       |       |     6 |     6 ||    12
    Use: Scroll            |     7 |     7 |     3 |     3 |    11 ||    31
         Potion            |     1 |       |       |       |     2 ||     3
   Stab: Sleeping          |    10 |    13 |       |     8 |    29 ||    60
         Paralysed         |       |       |    10 |    24 |    66 ||   100
         Petrifying        |       |       |       |     1 |     1 ||     2
         Distracted        |       |       |       |       |     1 ||     1
 Armour: Robe              |    25 |     9 |       |       |       ||    34
         Plate armour      |       |    31 |       |       |       ||    31
         Chain mail        |       |    18 |   127 |       |    13 ||   158
         Leather armour    |       |       |     4 |    34 |       ||    38
         Ring mail         |       |       |       |   117 |   177 ||   294
  Dodge: Dodged            |    38 |    36 |    71 |   212 |   281 ||   638
  Block: Buckler           |       |       |    19 |   181 |   302 ||   502
         Reflection        |       |       |     1 |     5 |    25 ||    31

Table legend: (Time is in decaauts)
 A = Elapsed time spent in this place.
 B = Non-inter-level travel time spent in this place.
 C = Inter-level travel time spent in this place.
 D = Time resting spent in this place.
 E = Time spent auto-exploring this place.
 F = Levels seen in this place.
 G = Mean time per level.
                   A        B        C        D        E       F      G
               +--------+--------+--------+--------+--------+-----+--------+
         Total |  19510 |  18233 |   1277 |   1204 |  12538 |  23 |  848.3 |
       Dungeon |  12974 |  12071 |    903 |    758 |   8583 |  15 |  864.9 |
          Lair |   5810 |   5445 |    365 |    322 |   3766 |   5 | 1162.0 |
  Orcish Mines |    189 |    182 |      7 |      0 |     96 |   2 |   94.5 |
        Bailey |    536 |    536 |      0 |    124 |     92 |   1 |  536.0 |
               +--------+--------+--------+--------+--------+-----+--------+

Top non-repeatable levels by time:
  Lair:5: 1480 daAuts
     D:9: 1407 daAuts
  Lair:1: 1352 daAuts
     D:5: 1263 daAuts
  Lair:3: 1106 daAuts
  Lair:4: 1102 daAuts
    D:11: 1088 daAuts
     D:4: 923 daAuts
     D:2: 909 daAuts
     D:7: 900 daAuts
     D:6: 886 daAuts
    D:15: 866 daAuts
     D:8: 780 daAuts
  Lair:2: 768 daAuts
    D:10: 744 daAuts
